 Dungeon Crawl Stone Soup version 0.31.0-12-g77e489cdc1 (webtiles) character file.

Game seed: 6474325699440932194

51317 MollyMolluskus the Brawler (level 14, -18/108 HPs)
             Began as an Octopode Fighter on Feb 14, 2024.
             Was a Priest of Wu Jian.
             Demolished by a spriggan berserker
             ... wielding a +0 flail
              (44 damage)
             ... on level 14 of the Dungeon on Feb 26, 2024.
             The game lasted 01:09:52 (20163 turns).

MollyMolluskus the Brawler (Octopode Fighter)      Turns: 20163, Time: 01:09:52

Health: -18/108    AC:  4    Str: 20    XL:     14   Next: 59%
Magic:  0/14       EV: 35    Int: 11    God:    Wu Jian [***...]
Gold:   1071       SH:  7    Dex: 11    Spells: 13/13 levels left

rFire   . .          .
                       - Unarmed
rCold   + + .        E - +3 warlock's mirror {omnireflect}
rNeg    + . .        y - +3 hat of Subjectivity {rPois}
rPois   +            A - amulet of guardian spirit
rElec   .            e - +5 ring of evasion
rCorr   .            f - ring of protection from cold
SInv    .            w - ring of protection from cold
Will    +....        b - ring of positive energy
Stlth   ++           d - ring of flight
HPRegen 0.38/turn    (no ring)
MPRegen 0.14/turn    (no ring)
                     (no ring)

%: reflection, guardian spirit
@: exhausted, in a heavenly storm, flying, glowing, studying Long Blades
A: almost no armour, amphibious, 8 rings, camouflage 1, gelatinous body 1,
(nimble swimmer 1), tentacles
a: Renounce Religion, Wall Jump, Serpent's Lash


You were on level 14 of the Dungeon.
You worshipped Wu Jian.
Wu Jian was most pleased with you.
You visited 3 branches of the dungeon, and saw 21 of its levels.

You collected 1201 gold pieces.
You spent 130 gold pieces at shops.

Inventory:

Missiles
 c - 12 curare-tipped darts
 h - 2 throwing nets
 v - 6 javelins (quivered)
 F - 27 poisoned darts
Armour
 y - the +3 hat of Subjectivity (worn) {rPois}
   (You acquired it on level 9 of the Dungeon)

   rPois:     It protects you from poison
 E - the +3 warlock's mirror (worn) {omnireflect}
   (You acquired it on level 12 of the Dungeon)

   Omnireflect: It can block and reflect piercing ranged attacks and magical
   attacks against the wielder's willpower.
Jewellery
 b - a ring of positive energy (on tentacle)
 d - a ring of flight (on tentacle)
 e - a +5 ring of evasion (left tentacle)
 f - a ring of protection from cold (right tentacle)
 w - a ring of protection from cold (on tentacle)
 A - an amulet of guardian spirit (around mantle)
 J - an amulet of reflection
Talismans
 D - a serpent talisman
 I - a blade talisman
Wands
 j - a wand of charming (17)
 l - a wand of polymorph (22)
 m - a wand of acid (2)
 s - a wand of iceblast (19)
 t - a wand of digging (5)
 u - a wand of flame (36)
 B - a wand of mindburst (21)
Scrolls
 a - a scroll of silence
 i - 3 scrolls of immolation
 o - 5 scrolls of blinking
 p - 5 scrolls of poison
 r - 7 scrolls of teleportation
 G - a scroll of revelation
 L - 2 scrolls of fog
Potions
 g - 2 potions of enlightenment
 k - 2 potions of invisibility
 n - 3 potions of haste
 q - 2 potions of resistance
 x - 2 potions of mutation {unknown}
 z - 4 potions of curing
 C - 3 potions of heal wounds
 H - a potion of lignification {unknown}
Miscellaneous
 K - a condenser vane
 M - a phantom mirror


   Skills:
 + Level 14.2 Fighting
 - Level 8.0 Dodging
 - Level 4.0 Stealth
 - Level 4.0 Shields
 + Level 17.0 Unarmed Combat
 + Level 8.5 Shapeshifting


You had 13 spell levels left.
You didn't know any spells.
Your spell library contained the following spells:

 Spells                   Type           Power      Damage    Failure   Level
 Freeze                   Ice            0%         1d3       41%         1
 Kiss of Death            Conj/Necr      0%         2d5       41%         1
 Magic Dart               Conj           0%         1d3       41%         1
 Mercury Vapours          Alch/Air       0%         N/A       54%         2
 Searing Ray              Conj           0%         2d4       54%         2
 Static Discharge         Conj/Air       0%         3-3/arc   54%         2
 Sublimation of Blood     Necr           0%         N/A       54%         2
 Confusing Touch          Hex            0%         N/A       78%         3
 Frozen Ramparts          Ice            0%         1d1       78%         3
 Fugue of the Fallen      Necr           0%         N/A       78%         3
 Gell's Gravitas          Tloc           0%         N/A       78%         3
 Hailstorm                Conj/Ice       0%         3d5       78%         3
 Mephitic Cloud           Conj/Alch/Air  0%         N/A       78%         3
 Ozocubu's Armour         Ice            0%         N/A       78%         3
 Teleport Other           Tloc           0%         N/A       78%         3
 Tukima's Dance           Hex            0%         N/A       78%         3
 Airstrike                Air            0%         2d(0-16)  99%         4
 Animate Dead             Necr           0%         N/A       99%         4
 Dispel Undead            Necr           0%         3d6       99%         4
 Fulminant Prism          Conj/Alch      0%         3d5       99%         4
 Manifold Assault         Tloc           0%         N/A       99%         4
 Passage of Golubria      Tloc           0%         N/A       99%         4
 Petrify                  Alch/Erth      0%         N/A       99%         4
 Summon Lightning Spire   Summ/Air       0%         N/A       99%         4
 Freezing Cloud           Conj/Ice/Air   0%         6-21      100%        5
 Irradiate                Conj/Alch      0%         3d11      100%        5
 Yara's Violent Unravell  Hex/Alch       0%         3d3       100%        5
 Dispersal                Tloc           0%         N/A       100%        6
 Haunt                    Necr/Summ      0%         N/A       100%        7
 Infestation              Necr           0%         N/A       100%        8


Dungeon Overview and Level Annotations

Branches:
Dungeon (15/15)            Temple (1/1) D:6            Lair (5/5) D:8
  Swamp (0/4) Lair:2        Snake (0/4) Lair:2        Slime (0/5) Lair:5
    Orc (0/2) D:9
 Vaults: D:13-14     Depths: D:15

Altars:
Ashenzari
Cheibriados
Dithmenos
Elyvilon
Fedhas
Gozag
Hepliaklqana
Kikubaaqudgha
Makhleb
Nemelex Xobeh
Okawaru
Qazlal
Ru
Sif Muna
Trog
Uskayaw
Vehumet
Wu Jian
Xom
Yredelemnul
Zin
The Shining One
Jiyva

Shops:
D:4 ?   D:10 (   D:11 (   D:12 [

Annotations:
Lair:3 3 runed translucent doors, Huasawuy's ghost, journeyman TrHW; raguz's ghost, journeyman NaWr


Innate Abilities, Weirdness & Mutations

You cannot wear most types of armour.
You are amphibious.
You can wear up to eight rings at the same time.
Your skin changes colour to match your surroundings (Stealth+).
Your rubbery body absorbs attacks. (AC +1, EV +1)
((You are camouflaged when in or above water. (Stealth+)))
You have tentacles for arms and can constrict up to eight enemies at once.


Message History

The spriggan berserker goes berserk!
The spriggan berserker completely misses you.
Unknown command.
Unknown command.
Your muscles tense, ready for explosive movement...
You spin and attack the spriggan berserker, with incredible momentum.
You batter the spriggan berserker!!
The spriggan berserker is moderately wounded.
You spin and attack the spriggan berserker repeatedly, with incredible momentum.
You batter the spriggan berserker!!
The spriggan berserker is severely wounded.
You tentacle-slap the spriggan berserker.
The spriggan berserker is severely wounded.
Unknown command.
Unknown command.
You spin and attack the spriggan berserker repeatedly, with incredible momentum.
You batter the spriggan berserker!!
Your grab misses the spriggan berserker.
Your squeeze misses the spriggan berserker.
The spriggan berserker is moderately wounded.
You batter the spriggan berserker!!
The spriggan berserker is heavily wounded.
You spin and attack the spriggan berserker, with incredible momentum.
You batter the spriggan berserker!!
Your grab misses the spriggan berserker.
You tentacle-slap the spriggan berserker!
The spriggan berserker is almost dead.
Your supernatural speed expires.
Unknown command.
You spin and attack the spriggan berserker.
You bludgeon the spriggan berserker!
Your grab misses the spriggan berserker.
The spriggan berserker is severely wounded.
You spin and attack the spriggan berserker.
You bludgeon the spriggan berserker!
You kill the spriggan berserker!
The Council accepts your kill.
The elephant rages.
The spriggan berserker hits you with a +0 flail!!!
You die...

.................#.
.........°.....i...
......°§°......i..#
.......°☼.>..○..♣
......°.○....°..♣
.....☼○.○uu..○...♣
.....§uiuu☼○.○.....
.....☼○i○i#........
.....☼☼Y@○#........
.....§☼○○§§.#......
.....§§§§§§.##.#...
...##........###...
... ......#.... .
#......#...##
###........#
#.#...!###


You could see an elephant (summoned, berserk), 3 ugly things and 3 spriggan
berserkers.

Vanquished Creatures
  3 dire elephants (Lair:5)
  Josephine (D:11)
  4 hydras
  2 centaur warriors
  Erica (D:9)
  2 two-headed ogres (D:11)
  A tengu warrior (D:13)
  A spectral dire elephant (Lair:5)
  The ghost of yey the Covert, a journeyman DEBr of Jiyva (Lair:1)
  2 spriggan berserkers (D:14)
  Sonja (Lair:3)
  A spectral death yak (Lair:5)
  A skyshark (Lair:5)
  A spectral anaconda (Lair:5)
  An orc knight (D:12)
  4 lindwurms (Lair:2)
  An obsidian statue (Lair:5)
  3 necromancers (Lair:5)
  An ugly thing (D:10)
  A manticore (D:12)
  An oklob plant (Lair:1)
  An orc sorcerer (D:12)
  17 elephants
  A cyclops (D:11)
  Joseph (D:7)
  12 cane toads
  3 black mambas
  A dire elephant skeleton (Lair:5)
  3 komodo dragons
  2 rime drakes
  A tengu conjurer (D:13)
  3 polar bears
  8 trolls
  9 blink frogs
  A shadow (D:12)
  2 wyverns
  31 yaks
  A basilisk (shapeshifter) (D:13)
  8 wraiths
  A basilisk (Lair:3)
  2 wargs (D:9)
  A death yak simulacrum (Lair:5)
  2 spectral cane toads (Lair:5)
  An acid dragon (D:8)
  2 nagas (Lair:2)
  16 water moccasins
  3 black bears
  2 sky beasts
  3 ice beasts
  7 orc warriors
  An elephant zombie (Lair:5)
  An ogre (D:5)
  6 centaurs
  14 wolves
  An elephant skeleton (Lair:5)
  2 phantoms (D:5)
  2 kobold brigands
  13 bullfrogs
  4 scorpions
  2 gnoll sergeants
  A cane toad simulacrum (Lair:5)
  12 wights
  2 elephant simulacra (Lair:5)
  20 killer bees
  3 howler monkeys
  3 hounds
  A bombardier beetle (D:5)
  2 jellies (D:6)
  6 orc priests
  2 gnoll boudas (D:4)
  5 hell rats (Lair:5)
  8 orc wizards
  4 iguanas
  21 gnolls
  17 adders
  2 white imps
  2 ufetubi (D:6)
  5 dart slugs
  7 ribbon worms
  35 orcs
  A ball python (D:2)
  4 endoplasms
  3 giant cockroaches
  6 goblins
  5 hobgoblins
  7 jackals
  4 quokkas
  7 bats
  6 frilled lizards
  10 kobolds
  4 rats
440 creatures vanquished.

Notes
Turn   | Place    | Note
-------+----------+-------------------------------------------
     0 | D:1      | MollyMolluskus the Octopode Fighter began the quest for the
                  | Orb.
     0 | D:1      | Reached XP level 1. HP: 16/16 MP: 1/1
   269 | D:1      | Reached XP level 2. HP: 21/21 MP: 2/2
   398 | D:1      | Reached skill level 1 in Stealth
   682 | D:1      | Reached XP level 3. HP: 14/26 MP: 3/3
  1128 | D:2      | Reached skill level 3 in Unarmed Combat
  1141 | D:2      | Reached XP level 4. HP: 31/31 MP: 4/4
  1566 | D:3      | Found a radiant altar of Vehumet.
  1661 | D:3      | Found a shimmering blue altar of Sif Muna.
  1676 | D:3      | Found a burning altar of Makhleb.
  1694 | D:3      | Found an ancient bone altar of Kikubaaqudgha.
  1709 | D:3      | Found a hide-covered altar of Uskayaw.
  2319 | D:4      | Noticed a scorpion
  2331 | D:4      | Killed a scorpion
  2332 | D:4      | Reached XP level 5. HP: 23/36 MP: 5/5
  2450 | D:4      | Found an iron altar of Okawaru.
  2513 | D:4      | Reached XP level 6. HP: 32/43 MP: 6/6
  2526 | D:4      | Reached skill level 4 in Unarmed Combat
  2655 | D:4      | Found a broken altar of Ashenzari.
  2768 | D:4      | Found Yshriur's Magic Scroll Shop.
  2776 | D:4      | Bought a scroll of identify for 26 gold pieces
  2776 | D:4      | Bought a scroll of identify for 26 gold pieces
  2776 | D:4      | Bought a scroll of identify for 26 gold pieces
  2776 | D:4      | Bought a scroll of poison for 52 gold pieces
  3140 | D:5      | Entered Level 5 of the Dungeon
  3195 | D:5      | Reached XP level 7. HP: 44/48 MP: 7/7
  3355 | D:5      | Reached skill level 5 in Unarmed Combat
  3694 | D:5      | Reached XP level 8. HP: 54/54 MP: 8/8
  3703 | D:5      | Reached skill level 5 in Dodging
  3703 | D:5      | Reached skill level 6 in Unarmed Combat
  3712 | D:5      | Reached skill level 5 in Fighting
  3844 | D:5      | Found a hazy altar of Hepliaklqana.
  4261 | D:5      | Reached skill level 7 in Unarmed Combat
  4648 | D:6      | Identified the +1 robe of Leapfrog {rPois rF+++ Regen+
                  | Str-4}
  4817 | D:6      | Reached XP level 9. HP: 56/62 MP: 9/9
  4982 | D:6      | Found a white marble altar of Elyvilon.
  4982 | D:6      | Found a glowing silver altar of Zin.
  4982 | D:6      | Found a glowing golden altar of the Shining One.
  5111 | D:6      | Reached skill level 8 in Unarmed Combat
  5348 | D:6      | Found a staircase to the Ecumenical Temple.
  5354 | Temple   | Entered the Ecumenical Temple
  5372 | Temple   | Became a worshipper of the Wu Jian Council
  5989 | D:7      | Found a sparkling altar of Nemelex Xobeh.
  6299 | D:7      | Reached skill level 9 in Unarmed Combat
  6509 | D:7      | Noticed Joseph
  6520 | D:7      | Killed Joseph
  6826 | D:8      | Reached XP level 10. HP: 60/71 MP: 10/10
  6935 | D:8      | Reached * piety under Wu Jian
  7263 | D:8      | Reached skill level 10 in Unarmed Combat
  7555 | D:8      | Found a staircase to the Lair.
  7915 | D:9      | Found a staircase to the Orcish Mines.
  7967 | D:9      | HP: 2/72 [warg (20)]
  8296 | D:9      | Noticed Erica
  8303 | D:9      | Killed Erica
  8304 | D:9      | Reached skill level 11 in Unarmed Combat
  8905 | D:9      | Reached ** piety under Wu Jian
  9163 | D:9      | Identified a scroll of acquirement
  9163 | D:9      | Acquired the +3 hat of Subjectivity {rPois}
  9471 | D:10     | Entered Level 10 of the Dungeon
  9477 | D:10     | Noticed a brown ugly thing
  9491 | D:10     | Killed a brown ugly thing
  9494 | D:10     | Reached XP level 11. HP: 78/78 MP: 8/11
  9564 | D:10     | Reached skill level 12 in Unarmed Combat
  9888 | D:10     | Found Hoamos's Antique Weapon Shop.
 10131 | D:11     | Noticed a two-headed ogre
 10144 | D:11     | Killed a two-headed ogre
 10160 | D:11     | Reached skill level 13 in Unarmed Combat
 10284 | D:11     | Noticed Josephine
 10288 | D:11     | Noticed a two-headed ogre
 10292 | D:11     | Found Luebomn's Antique Weapon Shoppe.
 10294 | D:11     | Killed a two-headed ogre
 10294 | D:11     | Reached *** piety under Wu Jian
 10408 | D:11     | Killed Josephine
 10413 | D:11     | Reached skill level 10 in Fighting
 10535 | D:11     | Noticed a cyclops
 10544 | D:11     | Killed a cyclops
 10816 | D:11     | Noticed a centaur warrior
 10831 | D:11     | Killed a centaur warrior
 10832 | D:11     | Reached XP level 12. HP: 88/88 MP: 12/12
 10833 | D:11     | Reached skill level 14 in Unarmed Combat
 11482 | D:12     | Found Xirimm's Antique Armour Emporium.
 11590 | D:12     | Paralysed by an orc sorcerer for 3 turns
 11605 | D:12     | HP: 1/89 [orc warrior/+0 dire flail[an orc knight] (10)]
 12272 | D:12     | Acquired the +3 warlock's mirror {omnireflect}
 12272 | D:12     | Found the +3 warlock's mirror {omnireflect}
 12557 | Lair:1   | Entered Level 1 of the Lair of Beasts
 12686 | Lair:1   | Reached skill level 1 in Shapeshifting
 12955 | Lair:1   | Found a runed translucent gate.
 12955 | Lair:1   | Found a runed translucent gate.
 12955 | Lair:1   | Found a runed translucent gate.
 12958 | Lair:1   | Noticed yey's ghost (journeyman DEBr)
 12958 | Lair:1   | Noticed a ten-headed hydra
 13463 | Lair:2   | Found a staircase to the Swamp.
 13530 | Lair:2   | Reached skill level 15 in Unarmed Combat
 13530 | Lair:2   | Reached **** piety under Wu Jian
 14311 | Lair:2   | Reached XP level 13. HP: 96/96 MP: 13/13
 14341 | Lair:2   | You fall into a shaft and drop 2 floors!
 14385 | Lair:3   | Reached skill level 5 in Shapeshifting
 14673 | Lair:2   | Found a staircase to the Snake Pit.
 14931 | Lair:2   | Identified the +10 plate armour of Indemnity {rC+}
 15094 | Lair:3   | Noticed Sonja
 15102 | Lair:3   | Killed Sonja
 15333 | Lair:3   | Found a runed translucent gate.
 15333 | Lair:3   | Found a runed translucent gate.
 15333 | Lair:3   | Found a runed translucent gate.
 15337 | Lair:3   | Noticed raguz's ghost (journeyman NaWr)
 15337 | Lair:3   | Noticed Huasawuy's ghost (journeyman TrHW)
 16169 | Lair:1   | Killed yey's ghost
 16407 | Lair:1   | Identified the +9 war axe of the Briny Deep {heavy, +Blink
                  | rPois Dex+2}
 16582 | Lair:4   | Reached skill level 16 in Unarmed Combat
 16626 | Lair:4   | Reached ***** piety under Wu Jian
 17195 | Lair:5   | Entered Level 5 of the Lair of Beasts
 17404 | Lair:5   | Noticed a dire elephant
 17404 | Lair:5   | Noticed a dire elephant
 17405 | Lair:5   | Noticed a dire elephant
 17543 | Lair:5   | Reached XP level 14. HP: 87/106 MP: 11/14
 17972 | Lair:5   | Killed a dire elephant
 17976 | Lair:5   | Killed a dire elephant
 17979 | Lair:5   | Killed a dire elephant
 18983 | Lair:5   | Found a viscous altar of Jiyva.
 18983 | Lair:5   | Found a staircase to the Slime Pits.
 19734 | D:13     | Reached skill level 17 in Unarmed Combat
 20143 | D:13     | You are sucked into a shaft and drop 2 floors!
 20143 | D:15     | Entered Level 15 of the Dungeon
 20163 | D:14     | Demolished by a spriggan berserker

Illustrated notes

Levels and vault maps discovered:
D:1:      nicolae_arrival_somewhat_less_tricky_arrival, layout_basic,
          minmay_misc_feat_roman, hex_large, kennysheep_nondescript,
          minmay_fountain_box
D:2:      layout_basic
D:3:      layout_loops_corners, mainiacjoe_overflow_chevrons,
          nicolae_overflow_quartered_altars, st_stairs_13
D:4:      layout_basic, marbit_many_paths, overflow_temple_1_default,
          serial_shops, nicolae_shop_tiny_waterfront
D:5:      layout_loops_ring, mainiacjoe_overflow_alcove_4, minivault_1
D:6:      layout_loops_ring, dreamdust_divine_triumvirate,
          minmay_temple_entry_fiery, nicolae_half_adder
D:7:      layout_loops_corners, nemelex_xobeh_ov_fountains_minmay, uniq_joseph
D:8:      layout_basic, lair_entry_dummy, minmay_misc_feat_tower,
          lightli_orcish_oven
D:9:      layout_loops_corners, david_orc_1_choice, uniq_erica
D:10:     layout_rooms, serial_shops, shop
D:11:     layout_loops_ring, serial_shops, shop, chequers_serial_rivers_micro_a,
          uniq_josephine
D:12:     layout_basic, serial_shops, shop, due_unseen_surprise
D:13:     layout_irregular_city, minivault_23
D:14:     layout_cave_pools, grunt_vaults_entry_tiered,
          nicolae_qazlal_general_emergency, special_room [special_room_bee],
          minmay_guarded_unrand_wrath_of_trog
D:15:     grunt_enter_depths_giant_problem, layout_basic, uniq_jorgrun,
          uniq_rupert
Temple:   nicolae_temple_bog_church
Lair:1:   layout_chaotic_city, gammafunk_ghost_hydra_chop,
          dpeg_stationary_puzzle, grunt_megastairs_5
Lair:2:   layout_big_grid, swamp_mist_pool, minmay_snake_entry_guardpost_small,
          minmay_lindwurm_lava
Lair:3:   layout_chaotic_city, gammafunk_ghost_cemetery, uniq_sonja
Lair:4:   layout_gridlike
Lair:5:   due_jungle_book, layout_regular_city, dpeg_slime_entry_enclosed,
          serial_bayou_crossing

Skill      XL: |  1  2  3  4  5  6  7  8  9 10 11 12 13 14 |
---------------+-------------------------------------------+-----
Stealth        | 1 2 3 4 |  4.0
Unarmed Combat | 3 4 5 7 9 11 13 15 16 17 | 17.0
Dodging        | 4 5 7 8 |  8.0
Fighting       | 4 5 7 8 10 11 13 14 | 14.2
Shields        | 4 |  4.0
Shapeshifting  | 4 7 8 |  8.5

Action                     |  1- 3 |  4- 6 |  7- 9 | 10-12 | 13-15 || total
---------------------------+-------+-------+-------+-------+-------++-------
  Melee: Unarmed           |    84 |   117 |   237 |   590 |   510 ||  1538
         Constrict         |    26 |    30 |    50 |    70 |    46 ||   222
         Tentacles         |    17 |    26 |    57 |   141 |   135 ||   376
         Punch             |     2 |     3 |    19 |    50 |    58 ||   132
  Throw: Stone             |     1 |     4 |    10 |     1 |       ||    16
         Dart              |       |       |     1 |     9 |     1 ||    11
         Boomerang         |       |       |       |     6 |       ||     6
         Javelin           |       |       |       |       |    12 ||    12
 Invoke: Serpent's Lash    |       |       |       |       |     2 ||     2
         Heavenly Storm    |       |       |       |       |     2 ||     2
Ability: Lunge             |       |       |    16 |    58 |    40 ||   114
         Whirlwind         |       |       |       |    47 |   120 ||   167
         Wall Jump         |       |       |       |    23 |    37 ||    60
  Evoke: Wand              |       |       |     1 |     3 |     2 ||     6
    Use: Scroll            |     5 |     6 |     6 |     8 |     1 ||    26
         Potion            |       |       |     1 |     6 |     4 ||    11
   Stab: Sleeping          |     4 |     7 |    11 |    20 |    13 ||    55
         Held in net/web   |     1 |       |       |       |       ||     1
         Distracted        |       |     2 |     2 |     2 |     2 ||     8
         Petrifying        |       |       |       |       |     1 ||     1
 Armour: Skin              |    21 |    26 |    56 |   174 |   161 ||   438
  Dodge: Dodged            |    59 |    75 |   147 |   324 |   253 ||   858
  Block: Buckler           |     7 |    22 |    50 |   111 |   128 ||   318
         Reflection        |       |       |       |       |     7 ||     7
